[Event "*** Titled Tuesday Blitz"]
[Site "Chess.com"]
[Date "2018.11.06"]
[Round "7"]
[White "2165149677570"]
[Black "AttackSparrow"]
[Result "1-0"]
[WhiteElo "2397"]
[BlackElo "2205"]
[TimeControl "180+2"]
[EndTime "14:36:40 PST"]
[Termination "2165149677570 won by resignation"]

1. d4 Nf6 2. Nf3 e6 3. Nc3 d5 4. Bf4 a6 5. e3 c5 6. dxc5 Bxc5 7. Be2 Bb4 8. O-O O-O 9. Na4 b5 10. a3 Ba5 11. Nc5 Nbd7 12. Nd3 Bb7 13. Nfe5 Rc8 14.
c3 Bc7 15. a4 Nb6 16. axb5 axb5 17. Nc5 Bxe5 18. Nxb7 Qc7 19. Bxe5 Qxe5 20. Bxb5 Ne4 21. Qd4 Qc7 22. Na5 Rb8 23. Nc6 Ra8 24. Nb4 Nd6 25.
Bd3 Rab8 26. Na6 Qb7 27. Nxb8 Rxb8 28. Qf4 Rd8 29. Qh4 f6 30. Qxh7+ Kf8 31. Bg6 Nf7 32. Bxf7 Kxf7 33. Qh5+ Kg8 34. Qg4 Qc6 35. Ra6 Rb8 36. Rfa1 Qd6 37. Ra7 Nd7 38. R7a6 Nb6 39. h3 Re8 40.
Qd4 Rb8 41. Ra7 Nd7 42. Qa4 Nc5 43.
Qg4 Nd7 44. R1a6 Rb6 45. Rxb6 Qxb6 46. Rxd7 1-0

[Event "*** Titled Tuesday Blitz"]
[Site "Chess.com"]
[Date "2018.11.06"]
[Round "7"]
[White "Sordis"]
[Black "Lagmantr"]
[Result "0-1"]
[WhiteElo "2284"]
[BlackElo "2513"]
[TimeControl "180+2"]
[EndTime "14:36:43 PST"]
[Termination "Lagmantr won by resignation"]

1. c4 e5 2. g3 Nf6 3. Bg2 Nc6 4. Nc3 Bb4 5. e4 O-O 6. Nge2 d6 7. O-O Bg4 8. d3 Bxc3 9. bxc3 h6 10. h3 Bh5 11. f4 exf4 12. gxf4 Re8 13. Qe1 d5 14. cxd5 Bxe2 15. Qxe2 Nxd5 16. Bd2 f5 17. e5 Qd7 18. d4 Rad8 19. Rab1 Nb6 20. Be3 Na5 21. Kh1 Nac4 22. Bc1 c6 23. Rb4 Qf7 24. Rg1 Nd6 25. Bf3 Ne4 26. Rb3 c5 27. Bxe4 fxe4 28. dxc5 Na4 29. c6 bxc6 30. Be3 Rd3 31. c4 Nc3 32. Rxc3 Rxc3 33. Bd2 Rxh3+ 34. Kg2 Rf3 35. Qxe4 Ra3 36. Qc2 Rxe5 37. Bc3 Re8 38. Rf1 Qxc4 39. Rf3 Rxa2 40. Qxa2 Qxa2+ 41. Kg3 Qd5 42. Kh3 Qxf3+ 0-1

[Event "*** Titled Tuesday Blitz"]
[Site "Chess.com"]
[Date "2018.11.06"]
[Round "7"]
[White "nochewycandy"]
[Black "JeremDev"]
[Result "1/2-1/2"]
[WhiteElo "2207"]
[BlackElo "2258"]
[TimeControl "180+2"]
[EndTime "14:36:44 PST"]
[Termination "Game drawn by agreement"]

1. e4 c5 2. Nf3 d6 3. Bb5+ Nd7 4. O-O a6 5. Bxd7+ Bxd7 6. d4 cxd4 7. Qxd4 Nf6 8. c4 e6 9. Nc3 Be7 10. Qd3 O-O 11.
Bf4 e5 12. Be3 Be6 13. h3 Rc8 14. b3 Qc7 15. Rac1 Nd7 16. Ng5 Nc5 17. Qd2 Bd7 18. Nd5 Qd8 19. Bxc5 Rxc5 20. Nf3 Be6 21. Nxe7+ Qxe7 22.
Rfd1 Rc6 23. Ne1 f5 24. Qd3 fxe4 25. Qxe4 Rf4 26. Qe3 Rc8 27. Nd3 Rd4 28. Nb4 Rxd1+ 29. Rxd1 Rf8 30. Nd5 Bxd5 31. Rxd5 Rf6 32. f3 Rg6 33. c5 Qd7 34. Rxd6 Rxd6 35. cxd6 Qxd6 36. Kf2 Kf7 37. Ke2 Qg6 38. g4 Qc2+ 39. Qd2 Qc6 40. Qd3 g6 41. a4 Ke6 42. Ke3 Qc5+ 43. Ke2 Qg1 44. Qc4+ Kd6 45. Qb4+ Kc6 46. Qe4+ Kb6 47. Qxe5 Qg2+ 48. Ke3 Qxh3 49. Qd6+ Ka7 50. Qc5+ Ka8 51. Qc8+ Ka7 52. Qc5+ Kb8 53. Qd6+ Kc8 54. Qc5+ Kb8 55. Qd6+ Kc8 56. Qc5+ Kd7 57. Qd5+ Kc7 58. Qc5+ 1/2-1/2

[Event "*** Titled Tuesday Blitz"]
[Site "Chess.com"]
[Date "2018.11.06"]
[Round "7"]
[White "Iyael"]
[Black "dmosesov"]
[Result "0-1"]
[WhiteElo "2052"]
[BlackElo "2366"]
[TimeControl "180+2"]
[EndTime "14:36:47 PST"]
[Termination "dmosesov won by resignation"]

1. e4 c5 2. c3 d5 3. exd5 Qxd5 4. d4 g6 5. Nf3 Bg7 6. Be2 Nf6 7. O-O cxd4 8.
cxd4 O-O 9. Nc3 Qd8 10. d5 Nbd7 11. Be3 Nb6 12. Bxb6 Qxb6 13. Qd2 Rd8 14. Rad1 Be6 15. Bc4 Rac8 16. Bb3 Bg4 17. Qf4 Qd6 18. Qe3 a6 19. h3 Bxf3 20. Qxf3 b5 21. a3 b4 22. axb4 Qxb4 23.
Na2 Qb7 24. Rfe1 Rb8 25. Bc4 a5 26. b3 Ne8 27. Nc3 Nd6 28. Ne4 Nf5 29. g4 Nd4 30.
Qe3 Nc2 31. Qf3 Nxe1 32. Rxe1 Rf8 33. Ng5 h6 34. Ne4 Qb4 35. Re2 a4 36. Re3 a3 37. Re2 Bb2 38. Qe3 a2 39. Qxh6 a1=Q+ 40. Kg2 Bg7 0-1

[Event "*** Titled Tuesday Blitz"]
[Site "Chess.com"]
[Date "2018.11.06"]
[Round "7"]
[White "dhanushbharadwaj"]
[Black "enriquetejedor"]
[Result "0-1"]
[WhiteElo "2491"]
[BlackElo "2515"]
[TimeControl "180+2"]
[EndTime "14:36:49 PST"]
[Termination "enriquetejedor won by checkmate"]

1. Nf3 c5 2. c4 Nf6 3. Nc3 d5 4. cxd5 Nxd5 5. d4 Nxc3 6. bxc3 e6 7. e4 Be7 8. Be3 O-O 9. Be2 Qa5 10. Qd2 cxd4 11. cxd4 Bb4 12. O-O Bxd2 13. Bxd2 Qd8 14. Rfd1 b6 15. d5 exd5 16. exd5 Bb7 17. Bc4 Bxd5 18. Bxd5 Qxd5 19. Bb4 Rd8 20. Rxd5 Rxd5 21.
h4 Nc6 22. Bc3 Rc8 23. Bb2 h6 24. Re1 Ra5 25. a3 Kf8 26. g4 Ra4 27. g5 Rg4+ 28. Kf1 hxg5 29. hxg5 Rf4 30. Kg2 Na5 31. Rh1 Kg8 32.
Kg3 Re4 33. Rd1 Nc4 34. Ba1 Re7 35. a4 a6 36. Nh4 Rc5 37. f4 Re8 38. Rd7 Ne3 39. Ra7 b5 40. a5 b4 41. Rxa6 Rb5 42. g6 f6 43. Nf3 Nf5+ 44. Kf2 b3 45. Bb2 Rc5 46. Nd4 Nxd4 47. Bxd4 Rb5 48. Rb6 Rxb6 49. axb6 Rb8 50. Ke2 Rxb6 51. Bb2 Rc6 52. Kd3 Rc2 53. Bd4 Rg2 54. f5 b2 55. Bxb2 Rxb2 56. Ke4 Kf8 57. Kd5 Ke7 58. Ke4 Rf2 59. Kd5 Rxf5+ 60. Ke4 Ke6 61. Ke3 Rf1 62. Ke4 Ra1 63. Kd3 Kf5 64. Kd4 Kxg6 65. Ke4 Kh5 66. Kd5 g5 67. Ke6 g4 68.
Kf5 g3 69. Kxf6 g2 70. Kg7 g1=Q+ 71. Kh8 Rf1 72. Kh7 Qg6+ 73. Kh8 Rf8# 0-1

[Event "*** Titled Tuesday Blitz"]
[Site "Chess.com"]
[Date "2018.11.06"]
[Round "7"]
[White "OparinGrigoriy"]
[Black "danyuffa"]
[Result "0-1"]
[WhiteElo "2917"]
[BlackElo "2669"]
[TimeControl "180+2"]
[EndTime "14:36:50 PST"]
[Termination "danyuffa won by checkmate"]

1. c4 g6 2. g3 Bg7 3. Bg2 Nf6 4. Nc3 O-O 5. Nf3 d6 6. O-O e5 7. d3 Re8 8. b4 e4 9. dxe4 Nxe4 10. Nxe4 Rxe4 11.
Rb1 Nc6 12. b5 Nd4 13. Nxd4 Rxd4 14. Qb3 Bf5 15. Bb2 Bxb1 16. Bxd4 Bxd4 17. Rxb1 Rb8 18. e3 Bc5 19. Qc3 a6 20. a4 axb5 21.
axb5 Qe7 22. Rd1 Qe8 23. h4 h5 24. Rb1 Qc8 25. Qd3 Ra8 26. Bd5 Kg7 27. Qe4 Ra7 28. Qf3 f6 29. Qe4 Qf8 30. Bxb7 f5 31. Qf3 Qf6 32. Kg2 Ra2 33. Rd1 Qe5 34. Rd3 Bb6 35.
Bd5 Rb2 36. Qf4 Qxf4 37. gxf4 Bc5 38. Kg3 Kf6 39. Rd1 Bb4 40. Ra1 Ke7 41. Kg2 Bc3 42.
Ra7 Kd8 43. Ra8+ Ke7 44. Kf1 Rb1+ 45. Ke2 Rb2+ 46. Kd3 Bb4 47. Rg8 Rd2# 0-1

[Event "*** Titled Tuesday Blitz"]
[Site "Chess.com"]
[Date "2018.11.06"]
[Round "7"]
[White "eljanov"]
[Black "EvgenyT"]
[Result "1-0"]
[WhiteElo "2834"]
[BlackElo "2924"]
[TimeControl "180+2"]
[EndTime "14:36:51 PST"]
[Termination "eljanov won on time"]

1. e4 e5 2. Nf3 Nc6 3. Bc4 Bc5 4. d3 Nf6 5. O-O O-O 6. h3 d6 7. c3 a6 8. a4 Ba7 9. Re1 h6 10. Nbd2 Re8 11. b4 Be6 12. Bxe6 Rxe6 13. Qc2 Qd7 14.
Nb3 Ne7 15. d4 Ng6 16. d5 Re7 17. Be3 Bxe3 18. Rxe3 c6 19. c4 cxd5 20. cxd5 Rc8 21. Qb2 Qe8 22. a5 Rec7 23. Rc1 Nf4 24. Kh2 Qb5 25.
Rxc7 Rxc7 26. Nbd2 h5 27. g3 Ng6 28. Rc3 Rxc3 29.
Qxc3 Qe2 30. Qe3 Qd1 31. Nc4 h4 32. Nxh4 Nxh4 33. gxh4 Ne8 34. Kg2 Qc2 35. Nb6 Nf6 36.
Kf3 g6 37. Qe2 Qc3+ 38. Kg2 Nh5 39. Qe3 1-0

[Event "*** Titled Tuesday Blitz"]
[Site "Chess.com"]
[Date "2018.11.06"]
[Round "7"]
[White "GMHess"]
[Black "kleinebeer98"]
[Result "0-1"]
[WhiteElo "2656"]
[BlackElo "2620"]
[TimeControl "180+2"]
[EndTime "14:36:51 PST"]
[Termination "kleinebeer98 won by resignation"]

1. d4 e6 2. c4 b6 3. Nc3 Bb7 4. e4 Bb4 5. Qc2 Qh4 6. d5 exd5 7. cxd5 Nf6 8. Bd3 Ba6 9. Bxa6 Nxa6 10. Bd2 Bxc3 11.
Bxc3 Qxe4+ 12. Qxe4+ Nxe4 13. Bxg7 Rg8 14. Be5 Nb4 15.
Kf1 O-O-O 16. Rd1 Rde8 17. Nf3 Ng5 18. Nxg5 Rxg5 19. f4 Rf5 20. g4 Rexe5 21. gxf5 Rxf5 22. d6 Nd5 23. Kf2 Nxf4 24. Rhf1 Nd5+ 25. Kg3 Rg5+ 26.
Kh4 h6 27. Rxf7 Ne3 28. Rf8+ Kb7 29. dxc7 Kxc7 30. Rd3 Nd5 31. Rg3 Re5 32. Rh8 Ne7 33. Rf3 Ng6+ 34. Kg3 Nxh8 35. Rf6 h5 36. Kh4 d5 37.
Rh6 Nf7 38. Rh7 Rf5 39. Rxh5 Rxh5+ 40. Kxh5 Ne5 41. Kg5 d4 42. Kf4 d3 43. Ke3 Kd6 44. h4 Ke6 45. h5 Kf6 0-1

[Event "*** Titled Tuesday Blitz"]
[Site "Chess.com"]
[Date "2018.11.06"]
[Round "7"]
[White "mikhaillushenkov"]
[Black "731291"]
[Result "0-1"]
[WhiteElo "2653"]
[BlackElo "2582"]
[TimeControl "180+2"]
[EndTime "14:36:55 PST"]
[Termination "731291 won by resignation"]

1. Nf3 c5 2. c4 Nc6 3. Nc3 e5 4. e3 Nf6 5. Be2 d5 6. d4 e4 7. Ne5 Bd6 8. Qa4 O-O 9. Nxc6 bxc6 10. dxc5 Be5 11. Qxc6 Be6 12. O-O Rc8 13. Qb5 dxc4 14.
c6 Qc7 15. g3 Rb8 16. Qa4 a5 17. Rd1 Rb4 18. Qc2 Qxc6 19. Bd2 Rfb8 20. Rab1 R4b7 21. Be1 h5 22. Bf1 h4 23. Bg2 Bg4 24. Rdc1 Bf3 25. Na4 Bxg2 26. Kxg2 Qe6 27. Qe2 Rc7 28. Bc3 h3+ 29. Kg1 Ng4 30. Bd4 Bxd4 31. exd4 Rd8 32. Nc5 Qf5 33. Rd1 Re7 34. Rbc1 e3 35. fxe3 Rxe3 36.
Qf1 Qd5 37. Qxh3 Re2 38. Rf1 Qxd4+ 39. Kh1 Qd5+ 40. Kg1 Qxc5+ 41. Kh1 Qd5+ 42. Kg1 Qd4+ 43. Kh1 Nf2+ 44. Rxf2 Qxf2 0-1

[Event "*** Titled Tuesday Blitz"]
[Site "Chess.com"]
[Date "2018.11.06"]
[Round "7"]
[White "florianschwabeneder"]
[Black "LastGladiator1"]
[Result "0-1"]
[WhiteElo "2468"]
[BlackElo "2625"]
[TimeControl "180+2"]
[EndTime "14:36:56 PST"]
[Termination "LastGladiator1 won by resignation"]

1. Nf3 Nf6 2. b3 b6 3. g3 Bb7 4. Bg2 d6 5. d4 Nbd7 6. Bb2 g6 7. O-O Bg7 8. Nbd2 O-O 9. Re1 c5 10. e4 cxd4 11. Nxd4 Qc7 12. c4 a6 13. Rc1 Rac8 14.
Nb1 Qb8 15. Nc3 e6 16. Qd2 Rfd8 17. h3 Nc5 18. Rcd1 d5 19. cxd5 exd5 20. exd5 Nxd5 21. Nxd5 Bxd5 22. Qe2 Qb7 23. Bxd5 Rxd5 24. Rd2 Rcd8 25.
Red1 Re5 26. Qf3 Ne4 27. Rd3 f5 28. Nc2 Red5 29. Bxg7 Kxg7 30. Nb4 Rxd3 31. Rxd3 Rc8 32. Nd5 Rc5 33. Nf4 Qc6 34. h4 h6 35. Qe3 Rc1+ 36. Kh2 Rh1+ 37. Kxh1 Nxg3+ 38. Kh2 Nf1+ 39. Kg1 Nxe3 40. Rxe3 g5 41. hxg5 hxg5 42. Ne6+ Kf6 43. Nd4 Qd5 44. Ne2 f4 45. Re8 Kf7 46. Nc3 Qf3 47.
Rc8 Qg4+ 0-1

[Event "*** Titled Tuesday Blitz"]
[Site "Chess.com"]
[Date "2018.11.06"]
[Round "7"]
[White "tomozupan"]
[Black "MFBerna"]
[Result "0-1"]
[WhiteElo "2176"]
[BlackElo "2381"]
[TimeControl "180+2"]
[EndTime "14:36:58 PST"]
[Termination "MFBerna won on time"]

1. d4 Nf6 2. Bg5 e6 3. e4 Be7 4. e5 Nd5 5. Bxe7 Qxe7 6. a3 d6 7. c4 Nb6 8. Nf3 Nc6 9. Bd3 dxe5 10. dxe5 O-O 11. O-O Rd8 12. Qe2 Bd7 13. Nc3 Be8 14.
Rad1 Rd7 15. Qe4 g6 16. Qf4 Rad8 17. Bc2 Rxd1 18. Rxd1 Rxd1+ 19. Bxd1 Kg7 20. Ne4 Nxc4 21. Nf6 Nxb2 22. Be2 h6 23. h4 Bd7 24. Nxd7 Qxd7 25. h5 Qe7 26. hxg6 fxg6 27. Nd2 Qg5 28. Qxg5 hxg5 29.
Nf3 g4 30. Ng5 Nxe5 31. Nxe6+ Kf6 32. Nxc7 Nbc4 33. Nd5+ Kg5 34. Ne7 Nxa3 35. Nc8 a5 36. Nd6 b6 37. Bd1 Nac4 38. Nb5 Kf6 39. Kf1 Nb2 40.
Bc2 Nec4 41. Nd4 a4 0-1

[Event "*** Titled Tuesday Blitz"]
[Site "Chess.com"]
[Date "2018.11.06"]
[Round "7"]
[White "Keaton87"]
[Black "biostatistician"]
[Result "1-0"]
[WhiteElo "2482"]
[BlackElo "2639"]
[TimeControl "180+2"]
[EndTime "14:37:01 PST"]
[Termination "Keaton87 won by resignation"]

1. Nf3 Nf6 2. c4 g6 3. Nc3 Bg7 4. e4 d6 5. d4 O-O 6. Be2 e5 7.
dxe5 dxe5 8. Qxd8 Rxd8 9. Bg5 c6 10. Nxe5 Re8 11. f4 Na6 12. O-O-O h6 13. Bh4 g5 14. fxg5 hxg5 15. Bg3 Nc5 16. Rhe1 Nfxe4 17. Nxe4 Nxe4 18. Nf3 Bf5 19. Bd3 g4 20. Nh4 Bh7 21. Rf1 Rad8 22. Nf5 Nc5 23. Bc2 Rxd1+ 24. Rxd1 Bxf5 25. Bxf5 Bh6+ 26. Kc2 Re2+ 27. Kc3 Bg7+ 28. Kb4 Na6+ 29. Kb3 Rxb2+ 30.
Ka3 Rb6 31. Rd8+ Bf8+ 32. Bd6 Kg7 33. Bxf8+ Kf6 34. Bxg4 c5 35. Rd6+ Rxd6 36. Bxd6 b6 37. Kb3 Nb4 38. Bb8 Nc6 39. Bg3 Kg5 40. Bf3 Nd4+ 41.
Kc3 f5 42. Bf2 Ne6 43. Bd5 Nc7 44. h4+ Kg4 45. Bf3+ Kf4 46. h5 Kg5 47. g3 Ne6 48. Be3+ Kf6 49. Bd5 Nc7 50. h6 Kg6 51. Bf4 Na6 52.
a3 Kh7 53. Bb7 1-0

[Event "*** Titled Tuesday Blitz"]
[Site "Chess.com"]
[Date "2018.11.06"]
[Round "7"]
[White "SergeiAza"]
[Black "PaulfromSPb"]
[Result "1-0"]
[WhiteElo "2802"]
[BlackElo "2522"]
[TimeControl "180+2"]
[EndTime "14:37:02 PST"]
[Termination "SergeiAza won by resignation"]

1. e4 e6 2. d4 d5 3. Nd2 dxe4 4. Nxe4 Nd7 5. Nf3 Ngf6 6. Nxf6+ Nxf6 7. Bd3 c5 8. O-O cxd4 9. Nxd4 Be7 10. Bf4 a6 11. c3 O-O 12. Qf3 Qb6 13. Rfe1 Qxb2 14. Be5 Qb6 15. Qh3 h6 16. Qg3 Kh8 17. Re4 Ne8 18. Rae1 Bd7 19. Qh3 f6 20. Rh4 Rf7 21. Bf4 Kg8 22.
Bxh6 e5 23. Qxd7 Bf8 24. Bc4 Nd6 25. Bxf7+ Nxf7 26. Nf5 Rd8 27. Qa4 gxh6 28. Qg4+ Kh7 29. Qe4 Ng5 30. Qc2 e4 31. Ng3 f5 32. Nxf5 Bc5 33.
Ne3 Qf6 34. Rg4 h5 35. Rg3 h4 36. Rxg5 Qxg5 37. Qxe4+ Kh8 38. h3 Rg8 39. Ng4 Qg7 40. Qe6 Rf8 41. Re5 Qh7 42. Rxc5 Qb1+ 43. Kh2 Qh7 44.
Qe5+ Qg7 45. Qh5+ Kg8 46. Rg5 1-0

[Event "*** Titled Tuesday Blitz"]
[Site "Chess.com"]
[Date "2018.11.06"]
[Round "7"]
[White "DawidCzerw"]
[Black "GasconJR"]
[Result "1-0"]
[WhiteElo "2263"]
[BlackElo "2388"]
[TimeControl "180+2"]
[EndTime "14:37:02 PST"]
[Termination "DawidCzerw won by resignation"]

1. d4 Nf6 2. c4 e6 3. Nf3 b6 4. g3 Bb7 5. Bg2 Bb4+ 6. Nbd2 O-O 7. O-O a5 8. a3 Be7 9. b3 Ne4 10. Nxe4 Bxe4 11. Bb2 Na6 12. Qd2 Bf6 13. Rfd1 c6 14. Ne5 Bxg2 15. Kxg2 Qc7 16. b4 axb4 17. axb4 d6 18. Nf3 b5 19. c5 d5 20. Bc3 Qb7 21.
g4 Nc7 22. g5 Be7 23. Ne5 Rxa1 24. Rxa1 Ra8 25. Rxa8+ Qxa8 26. h4 f6 27. gxf6 Bxf6 28. Qf4 Qe8 29. Ng4 Bd8 30. Bd2 Qh5 31. Ne5 Qe8 32. Qg3 Bf6 33. Bf4 Na6 34. e3 Nxb4 35.
Ng4 Qg6 36. h5 Qe4+ 37. f3 Qc2+ 38. Kh3 Be7 39. Be5 Bf8 40. Nh6+ Kh8 41. Nf7+ Kg8 42. Nh6+ Kh8 43. Qf4 1-0

[Event "*** Titled Tuesday Blitz"]
[Site "Chess.com"]
[Date "2018.11.06"]
[Round "7"]
[White "Rakhmanov_Aleksandr"]
[Black "NTBT_DHS"]
[Result "0-1"]
[WhiteElo "2866"]
[BlackElo "2764"]
[TimeControl "180+2"]
[EndTime "14:37:06 PST"]
[Termination "NTBT_DHS won on time"]

1. c4 Nf6 2. Nc3 g6 3. g3 Bg7 4.
Bg2 O-O 5. d3 d6 6. h3 Nc6 7. e4 Nd4 8. Nge2 c5 9. Nxd4 cxd4 10. Ne2 Nd7 11. g4 b5 12. cxb5 Qa5+ 13. Qd2 Qxb5 14.
O-O Nc5 15. Rd1 Ba6 16. Nf4 e6 17. h4 Rac8 18. b3 Bf6 19. g5 Be5 20. Ba3 Rc6 21. Bf1 Rfc8 22. Nh3 Nd7 23. Rac1 Rc3 24. f4 Bg7 25. Bxd6 e5 26. f5 gxf5 27. exf5 Qc6 28. Ba3 Qf3 29. f6 Bf8 30. Bb2 Qg3+ 31. Bg2 Rxd3 32. Qf2 Rxd1+ 33. Rxd1 Qg4 34. Re1 d3 35. Bc1 Rc2 36. Qf3 Qxh4 37. Nf2 Bc5 38. Be3 d2 39. Rd1 e4 40. Qg4 Qxg4 41. Nxg4 Rc1 0-1

[Event "*** Titled Tuesday Blitz"]
[Site "Chess.com"]
[Date "2018.11.06"]
[Round "7"]
[White "ahachess"]
[Black "Supernotar"]
[Result "0-1"]
[WhiteElo "2350"]
[BlackElo "2372"]
[TimeControl "180+2"]
[EndTime "14:37:07 PST"]
[Termination "Supernotar won by resignation"]

1. d4 d5 2. c4 dxc4 3. e3 Nf6 4.
Bxc4 e6 5. Nf3 a6 6. O-O b5 7. Be2 Bb7 8. Qc2 Nbd7 9. Nbd2 c5 10. b3 Rc8 11. Qd1 Qb6 12. Bb2 Be7 13. Rc1 O-O 14. h3 Rfd8 15. Ba3 h6 16. Rc2 Bf8 17. Qc1 cxd4 18. Bxf8 dxe3 19. Be7 exd2 20. Qxd2 Rxc2 21. Qxc2 Rc8 22. Qb2 Nd5 23. Rd1 Qc6 24. Nd4 Qb6 25. Bh4 Nf4 26. Bf1 Ne5 27. Bg3 Neg6 28. Re1 Rd8 29.
Ne2 Nxh3+ 30. Kh2 Nxf2 31. Nf4 Ng4+ 32. Kh1 N6e5 33. Rxe5 Nxe5 34. Qxe5 Rd1 35. Qe2 Rb1 36. Kh2 Qc6 37. Nh5 Qd5 38. Qg4 Qg5 39. Qxg5 hxg5 40.
Bd3 Rb2 41. Bf1 Rxa2 42. Be5 f6 43. Bd4 e5 44. Bc5 Bd5 45. b4 Bc4 46. Ng3 Kf7 47.
Kg1 Ke6 48. Bxc4+ bxc4 49. Kf1 c3 50. Ke1 Rxg2 51. Kd1 Rxg3 52. Kc2 Kd5 53. Kb3 a5 54. Bf8 axb4 55. Bxg7 Ke6 56. Bf8 Rg4 57. Bc5 Rd4 0-1

[Event "*** Titled Tuesday Blitz"]
[Site "Chess.com"]
[Date "2018.11.06"]
[Round "7"]
[White "ZuchBolt"]
[Black "BvsN"]
[Result "1-0"]
[WhiteElo "2274"]
[BlackElo "2204"]
[TimeControl "180+2"]
[EndTime "14:37:08 PST"]
[Termination "ZuchBolt won by checkmate"]

1. d4 d5 2. c4 c6 3. Nf3 Nf6 4. e3 Bf5 5. Nc3 e6 6. Ne5 Bb4 7. Qb3 Qa5 8. Bd2 O-O 9. a3 Bxc3 10. Bxc3 Qb6 11. Qd1 Nbd7 12. c5 Qc7 13. f4 Nxe5 14. fxe5 Ne4 15. Bd3 f6 16. exf6 Rxf6 17. O-O Rh6 18.
h3 Bxh3 19. Bxe4 dxe4 20. Rf4 g5 21. Rxe4 Bxg2 22. Re5 Be4 23. Qg4 Bf5 24. Qg3 Rf8 25. Rf1 Kh8 26. Rf2 Kg8 27. Rh2 Rxh2 28. Qxh2 Qf7 29.
Qg2 h6 30. d5 cxd5 31. Bd4 Kh7 32. b4 Bd3 33. Kh2 Qf2 34. Qxf2 Rxf2+ 35. Kg3 Rf5 36.
Rxe6 Be4 37. Re7+ Kg6 38. Rxb7 Rf3+ 39. Kh2 Rf2+ 40. Kg1 Rg2+ 41. Kf1 h5 42. c6 Rc2 43. c7 Bf5 44. Be5 h4 45. Rxa7 g4 46. Ra6+ Kg5 47. Bf4+ Kh5 48. Rh6# 1-0

[Event "*** Titled Tuesday Blitz"]
[Site "Chess.com"]
[Date "2018.11.06"]
[Round "7"]
[White "Alopekos"]
[Black "HaryKane"]
[Result "1-0"]
[WhiteElo "2489"]
[BlackElo "2552"]
[TimeControl "180+2"]
[EndTime "14:37:09 PST"]
[Termination "Alopekos won by resignation"]

1. e4 e6 2. d4 d5 3. Nc3 Nf6 4. e5 Nfd7 5. Qg4 c5 6. dxc5 Nc6 7. Nf3 Ndxe5 8. Nxe5 Nxe5 9. Qg3 Ng6 10. Nb5 e5 11. h4 a6 12. h5 Nf4 13. Nd6+ Bxd6 14. Qxg7 Rf8 15. cxd6 Qxd6 16. Bxf4 exf4 17. O-O-O Be6 18.
Bd3 O-O-O 19. Qd4 h6 20. Rh4 Rg8 21. Bf1 Rg4 22. Rxg4 Bxg4 23. f3 Bxh5 24. Bc4 Rg8 25. Bxd5 Kb8 26. Qd2 Bg6 27. Bb3 Qxd2+ 28. Rxd2 Kc7 29.
Kd1 h5 30. Ke2 Bf5 31. Kf2 Be6 32. Rd4 Rd8 33. Rxd8 Kxd8 34. Bxe6 fxe6 35. Ke2 Ke7 36. Kd3 e5 37. Ke4 Ke6 38. c4 a5 39. b3 Kd6 40.
a3 a4 41. b4 b6 42. Kf5 h4 43. Ke4 Ke6 44. c5 bxc5 45. bxc5 Kf6 46. c6 Ke6 47. c7 Kd7 48. Kxe5 Kxc7 49. Kxf4 Kc6 50. Kg4 Kc5 51. f4 Kc4 52. f5 Kb3 53. f6 Kxa3 54. f7 Kb2 55. f8=Q a3 56. Qf2+ Kb1 57. Qe1+ Kb2 58. Qd2+ 1-0

[Event "*** Titled Tuesday Blitz"]
[Site "Chess.com"]
[Date "2018.11.06"]
[Round "7"]
[White "champ2005"]
[Black "chessdjw"]
[Result "0-1"]
[WhiteElo "2741"]
[BlackElo "2614"]
[TimeControl "180+2"]
[EndTime "14:37:11 PST"]
[Termination "chessdjw won by resignation"]

1. e4 e5 2. Nf3 Nc6 3. Bb5 a6 4. Ba4 g6 5. O-O Bg7 6. c3 Nge7 7. d4 b5 8. Bb3 exd4 9. cxd4 O-O 10. Nc3 d6 11. h3 Bb7 12. Be3 Na5 13. Bc2 Nc4 14. Bc1 f5 15. b3 Nb6 16. Bg5 b4 17. Ne2 fxe4 18. Nd2 h6 19. Be3 d5 20. Nf4 Qd7 21.
Rc1 Rf7 22. Bb1 Raf8 23. Ne2 Nf5 24. Qc2 g5 25. Qc5 Qb5 26. Qxb5 axb5 27. g4 Nxe3 28.
fxe3 Rxf1+ 29. Nxf1 c6 30. Neg3 Rf7 31. Nf5 Bf8 32.
N1g3 Rc7 33. Kf1 Bc8 34. Ke2 Be6 35. Nh5 Bxf5 36. gxf5 Kf7 37. Kd2 Nc8 38. Bc2 Nd6 39. Ng3 Ra7 40. Bb1 Ra6 41. Rf1 Be7 42. Nh5 Bd8 43.
Rf2 Bc7 44. Rf1 Ra3 45. Rf2 Ba5 46. Kc2 Bc7 47. Kb2 Nc4+ 48. bxc4 bxc4 49. f6 Rxe3 50. Bc2 Bb6 51. Kb1 Re1+ 0-1

[Event "*** Titled Tuesday Blitz"]
[Site "Chess.com"]
[Date "2018.11.06"]
[Round "7"]
[White "Jenia84"]
[Black "BjarkeSahl"]
[Result "1-0"]
[WhiteElo "2259"]
[BlackElo "2160"]
[TimeControl "180+2"]
[EndTime "14:37:11 PST"]
[Termination "Jenia84 won by resignation"]

1. d4 Nf6 2. Bf4 b5 3. a4 b4 4.
c3 a5 5. g3 Bb7 6. Nf3 e6 7.
Bg2 Be7 8. O-O O-O 9. Nbd2 d6 10. Qc2 Nbd7 11. e4 c5 12. Rfe1 Qb6 13. Rab1 Rfc8 14.
e5 Nd5 15. Nc4 Qa6 16. Nxd6 Bxd6 17. exd6 Nxf4 18. gxf4 cxd4 19. Nxd4 Bxg2 20. Kxg2 Qxd6 21. Qe4 bxc3 22. bxc3 Nf6 23. Qf3 Qd5 24. Nb5 Rc4 25. Red1 Qxf3+ 26. Kxf3 Rxa4 27. Nc7 Rf8 28. Rd3 g6 29.
Rbd1 Kg7 30. Nb5 Nd5 31. Rd4 Rxd4 32. Rxd4 Rc8 33. c4 Nb4 34. Nd6 Rc5 35. Ne8+ Kf8 36. Nf6 Ke7 37. Ne4 Rh5 38. c5 Nd5 39. c6 Rf5 40. Nc5 Kd6 41. Nb3 a4 42. Rxa4 Kxc6 43. Nd4+ Kc5 44. Nxf5 gxf5 45. Ra7 f6 46. Rxh7 e5 47.
Rh5 e4+ 48. Kg3 Ne7 1-0

[Event "*** Titled Tuesday Blitz"]
[Site "Chess.com"]
[Date "2018.11.06"]
[Round "7"]
[White "MishkaFighter"]
[Black "andrzej"]
[Result "0-1"]
[WhiteElo "2238"]
[BlackElo "2254"]
[TimeControl "180+2"]
[EndTime "14:37:12 PST"]
[Termination "andrzej won by checkmate"]

1. d4 Nf6 2. c4 e6 3. g3 c5 4. d5 exd5 5. cxd5 d6 6. Nc3 g6 7. Bg2 Bg7 8. Nf3 O-O 9. O-O Re8 10. Bf4 Bf5 11. Re1 Ne4 12. Nxe4 Bxe4 13. Qb3 Na6 14. Nd2 Bxg2 15. Kxg2 b5 16. Qxb5 Nb4 17.
Qc4 Bxb2 18. Rab1 Be5 19. a3 Bxf4 20. gxf4 a5 21. axb4 cxb4 22. Qd3 Qf6 23. e3 Reb8 24. Qd4 Qxd4 25. exd4 a4 26. Nc4 Ra6 27. Rb2 Rb5 28. Reb1 b3 29. Ra1 Rxd5 30. Rd2 Rb5 31. Kf3 Rb4 32. Na3 b2 33. Rb1 Rb3+ 34. Ke4 Rxa3 35. Rbxb2 Rh3 36. f3 Rh5 37. d5 Ra5 38. Rb6 a3 39. Rxd6 a2 40. Rd8+ Kg7 41. Rxa2 Rxa2 42. d6 Rhxh2 43. d7 Rhd2 44. Ke3 Rd1 45. f5 gxf5 46. Re8 Rad2 47. d8=Q Rxd8 48. Re7 Re1+ 49. Kf4 Rxe7 50. Kg5 Ra7 51. f4 Rc8 52. Kh5 Ra6 53.
Kg5 Rg6+ 54. Kh5 Rc1 55. Kh4 Rh1# 0-1

[Event "*** Titled Tuesday Blitz"]
[Site "Chess.com"]
[Date "2018.11.06"]
[Round "7"]
[White "Ramosha"]
[Black "wadsy27"]
[Result "1-0"]
[WhiteElo "2471"]
[BlackElo "2354"]
[TimeControl "180+2"]
[EndTime "14:37:18 PST"]
[Termination "Ramosha won by resignation"]

1. d4 Nf6 2. c4 c5 3. d5 e6 4. Nc3 exd5 5. cxd5 d6 6. e4 g6 7. Bd3 Bg7 8. h3 O-O 9. Nf3 Nh5 10. O-O a6 11. a4 Nd7 12. Bg5 Bf6 13. Be3 Re8 14.
Re1 Ne5 15. Be2 Nxf3+ 16. Bxf3 Ng7 17. Qb3 Rb8 18. a5 Bd7 19. Na4 Bg5 20. Nb6 Bb5 21. Be2 Bxe3 22. Qxe3 Bxe2 23. Rxe2 Nf5 24. Qf4 Nd4 25. Re3 Nc2 26. Rae1 Nxe1 27. Rxe1 Kg7 28.
Nc4 Re7 29. Nxd6 Qd7 30. Nf5+ gxf5 31. Qxb8 Rxe4 32. Rxe4 fxe4 33. Qe5+ f6 34. Qxe4 Qc7 35. Qg4+ Kf8 36. Qe6 Qxa5 37. Qxf6+ Ke8 38. Qe6+ Kf8 39. Qc8+ Kg7 40. Qxb7+ Kg6 41. Qc6+ Kg7 42. Qd7+ Kf8 43. Qf5+ Kg7 44. Qe5+ Kf8 45. d6 Qd2 46. Qxc5 Kf7 47. Qf5+ Kg7 48. Qd7+ Kg6 49. Qe6+ Kg7 50. g3 Qd1+ 51.
Kg2 1-0

[Event "*** Titled Tuesday Blitz"]
[Site "Chess.com"]
[Date "2018.11.06"]
[Round "7"]
[White "Shivagami"]
[Black "Morshynska"]
[Result "1/2-1/2"]
[WhiteElo "2043"]
[BlackElo "2066"]
[TimeControl "180+2"]
[EndTime "14:37:20 PST"]
[Termination "Game drawn by repetition"]

1. d4 Nf6 2. Bf4 e6 3. e3 c5 4.
c3 d5 5. Nd2 Bd6 6. Bg3 O-O 7.
Ngf3 b6 8. Bd3 Ba6 9. Bxa6 Nxa6 10. Qe2 Nc7 11. Ne5 b5 12. Bh4 h6 13. Nc6 Qe8 14. Bxf6 gxf6 15. Na5 Kh7 16. Nb7 Qc6 17. Nxc5 Bxc5 18.
dxc5 Qxc5 19. Nb3 Qc4 20. Qc2+ Qe4 21. Qxe4+ dxe4 22. Nc5 f5 23. Rd1 Nd5 24. Ke2 Rfd8 25. Rd2 Rd6 26. Rhd1 Rc8 27. Nb3 Rcd8 28. f3 a5 29. Nc5 Rg8 30. Kf2 exf3 31. gxf3 Rc6 32. Nb3 Rc4 33. Rd4 Rxd4 34. Rxd4 a4 35. Nc5 Kg6 36.
e4 Nf4 37. exf5+ Kxf5 38. Ne4 Rg2+ 39. Kf1 Rxb2 40. Nd6+ Ke5 41. Nxf7+ Kf5 42. Nd6+ Ke5 43. Nf7+ Kf5 44. Nd6+ Ke5 45. Nf7+ Kf5 1/2-1/2